cohdb
Replays
Latest Replays
All Replays
Popular Replays
Top Player Replays
Match Explorer
How It Works
Community
CoH3 Stats
Reddit
Sign in to upload your games and track your stats! →
Sign in with Steam
Match 25304860
Unlisted
Match 25304860
Overview
Messages
Build Orders
End
Construct Weapon Support Center
Selects Airborne Battlegroup
Selects Pathfinders
Sniper
Pathfinder Squad
Engineer Squad
Pathfinder Squad
Sniper
Construct Medical Station
Infantry Support Center
Construct Motor Pool
M8 Greyhound Armored Car
Selects Paratrooper Squad Paradrop
Selects Recon Loiter
Selects Supply Drop
Selects Anti-tank Gun Team Paradrop
Engineer Squad
Paratrooper Squad Paradrop
Munitions Surplus
ConcernedApe
Martinez
Lox
Tewerad
0
0
Comments
sign in to comment!
No comments posted yet!